12 | 0:00 | Drone | |
13 | 0:13 | Overlord | |
13 | 0:18 | Drone | |
14 | 0:31 | Drone x2 | |
14 | 0:35 | Drone | |
17 | 0:52 | Hatchery | |
17 | 0:55 | Drone | |
17 | 0:59 | Drone | |
18 | 1:10 | Extractor | |
17 | 1:14 | Spawning Pool | |
17 | 1:17 | Drone | |
17 | 1:20 | Drone | |
18 | 1:28 | Drone | |
19 | 1:39 | Drone | |
20 | 1:49 | Overlord | |
20 | 2:03 | Queen | |
20 | 2:07 | Queen | |
20 | 2:08 | Zergling x4 | |
26 | 2:14 | Drone | |
26 | 2:15 | Metabolic Boost | |
27 | 2:16 | Drone | |
28 | 2:32 | Hatchery | |
27 | 2:46 | Overlord | |
27 | 2:47 | Drone x4 | |
27 | 2:48 | Drone | |
32 | 3:01 | Drone x2 | |
32 | 3:05 | Queen | |
36 | 3:13 | Drone | |
36 | 3:14 | Drone | |
36 | 3:17 | Drone x2 | |
36 | 3:19 | Overlord | |
40 | 3:20 | Drone x2 | |
42 | 3:33 | Drone x2 | |
44 | 3:41 | Drone | |
44 | 3:42 | Drone, Overlord | |
44 | 3:45 | Queen | |
44 | 3:46 | Drone x2 | |
50 | 3:49 | Queen | |
50 | 3:52 | Extractor | |
51 | 3:57 | Drone x2 | |
51 | 4:01 | Overlord | |
53 | 4:04 | Spore Crawler | |
53 | 4:05 | Spore Crawler | |
53 | 4:07 | Drone | |
53 | 4:08 | Drone x2 | |
53 | 4:09 | Overlord | |
54 | 4:10 | Spore Crawler | |
54 | 4:15 | Lair | |
54 | 4:17 | Drone | |
54 | 4:22 | Drone x2 | |
56 | 4:28 | Drone | |
57 | 4:32 | Queen | |
57 | 4:34 | Queen | |
57 | 4:36 | Zergling x6 | |
57 | 4:37 | Drone | |
65 | 4:43 | Drone x3 | |
68 | 4:47 | Extractor | |
68 | 4:48 | Drone x2 | |
68 | 4:50 | Extractor | |
68 | 4:55 | Drone x3 | |
68 | 4:58 | Overlord | |
71 | 5:04 | Drone | |
71 | 5:05 | Drone x2 | |
74 | 5:09 | Overlord | |
74 | 5:15 | Overlord | |
74 | 5:16 | Queen | |
71 | 5:36 | Drone x4 | |
71 | 5:37 | Drone x4 | |
71 | 5:38 | Queen | |
78 | 5:48 | Hydralisk Den | |
75 | 5:51 | Drone x5 | |
75 | 5:53 | Evolution Chamber, Extractor | |
75 | 5:54 | Extractor | |
75 | 5:59 | Drone x3 | |
75 | 6:01 | Evolution Chamber | |
76 | 6:08 | Overseer | |
76 | 6:19 | Muscular Augments | |
76 | 6:20 | Spore Crawler, Hydralisk x7 | |
76 | 6:22 | Zergling x6 | |
76 | 6:23 | Zergling x2 | |
93 | 6:29 | Drone x2 | |
93 | 6:32 | Zergling x4 | |
97 | 6:35 | Baneling Nest | |
97 | 6:36 | Drone | |
97 | 6:45 | Drone | |
98 | 6:49 | Overlord x3 | |
98 | 6:51 | Hatchery | |
97 | 6:55 | Zerg Melee Weapons Level 1, Hatchery, Zerg Ground Armor Level 1 | |
96 | 7:05 | Zergling x4 | |
98 | 7:12 | Zergling x6 | |
98 | 7:13 | Overlord x2 | |
101 | 7:16 | Drone x4 | |
101 | 7:17 | Drone | |
101 | 7:21 | Zergling x4 | |
106 | 7:25 | Zergling x8 | |
106 | 7:26 | Drone x2 | |
106 | 7:29 | Drone x2 | |
114 | 7:30 | Infestation Pit | |
114 | 7:31 | Grooved Spines | |
113 | 7:40 | Drone | |
113 | 7:41 | Overlord | |
113 | 7:43 | Zergling x4 | |
116 | 7:46 | Lair, Zergling x2 | |
116 | 7:48 | Zergling x4 | |
119 | 7:56 | Centrifical Hooks | |
119 | 8:02 | Zergling x8 | |
119 | 8:03 | Hydralisk x3 | |
129 | 8:08 | Baneling | |
129 | 8:09 | Baneling x6 | |
129 | 8:10 | Baneling | |
129 | 8:20 | Zergling x6 | |
129 | 8:21 | Zergling x2 | |
129 | 8:23 | Drone x2 | |
129 | 8:24 | Drone | |
129 | 8:25 | Drone x4 | |
133 | 8:30 | Spore Crawler | |
133 | 8:31 | Zergling x10 | |
133 | 8:34 | Overlord | |
137 | 8:38 | Hive | |
133 | 8:42 | Spire | |
133 | 8:44 | Zergling x2 | |
133 | 8:45 | Zergling x8 | |
133 | 8:48 | Baneling | |
121 | 8:49 | Baneling x15 | |
121 | 8:50 | Zergling x2 | |
121 | 8:51 | Zergling x2 | |
123 | 8:58 | Overseer | |
123 | 8:59 | Zergling x8 | |
123 | 9:00 | Zergling x6 | |
130 | 9:04 | Zergling x8 | |
134 | 9:13 | Hydralisk x4 | |
134 | 9:14 | Zergling x6 | |
143 | 9:30 | Hydralisk x2, Zergling x2 | |
143 | 9:31 | Zergling x4 | |
148 | 9:38 | Hydralisk x2 | |
145 | 9:39 | Zergling x4 | |
145 | 9:43 | Overlord x2 | |
151 | 9:51 | Queen, Spine Crawler x2 | |
123 | 10:07 | Hydralisk x3 | |
123 | 10:08 | Zergling x8, Hydralisk | |
123 | 10:09 | Zergling x2 | |
123 | 10:13 | Zergling x4 | |
123 | 10:14 | Zergling x4 | |
128 | 10:17 | Zergling x8 | |
128 | 10:18 | Zergling x4 | |
129 | 10:21 | Zergling x8 | |
129 | 10:22 | Zergling x2 | |
129 | 10:27 | Zergling x4 | |
115 | 10:34 | Hydralisk | |
115 | 10:35 | Zergling x4 | |
119 | 10:38 | Ultralisk Cavern | |
119 | 10:42 | Baneling x11 | |
118 | 10:44 | Queen | |
118 | 10:45 | Queen | |
118 | 10:49 | Zergling x10 | |
127 | 10:53 | Zerg Ground Armor Level 2, Zerg Melee Weapons Level 2 | |
124 | 10:59 | Zergling x8 | |
126 | 11:06 | Zergling x4 | |
126 | 11:07 | Zergling x6 | |
126 | 11:09 | Baneling | |
126 | 11:10 | Baneling x5 | |
129 | 11:21 | Zergling x12 | |
129 | 11:22 | Zergling x8 | |
139 | 11:32 | Hydralisk x3, Zergling x2 | |
135 | 11:33 | Zergling x2 | |
135 | 11:37 | Hydralisk x2, Zergling x2 | |
135 | 11:38 | Zergling x4 | |
130 | 11:46 | Drone, Hydralisk x2, Zergling x4 | |
116 | 11:53 | Hydralisk | |
111 | 11:54 | Zergling x2 | |
114 | 12:06 | Hydralisk x5, Zergling x4 | |
114 | 12:07 | Zergling x4 | |
127 | 12:09 | Chitinous Plating | |
127 | 12:17 | Zergling x6 | |
127 | 12:18 | Zergling x6 | |
133 | 12:29 | Hatchery | |
130 | 12:30 | Hydralisk x2, Zergling x2 | |
130 | 12:31 | Zergling x4 | |
130 | 12:36 | Baneling x8 | |
130 | 12:37 | Zergling x4 | |
135 | 12:39 | Baneling x2 | |
135 | 12:41 | Zergling x4 | |
137 | 12:56 | Hydralisk x2 | |
137 | 12:57 | Zergling x8 | |
122 | 13:03 | Zergling x2 | |
122 | 13:04 | Zergling x4 | |
116 | 13:10 | Drone, Hydralisk, Zergling x2 | |
116 | 13:11 | Zerg Ground Armor Level 3, Zerg Melee Weapons Level 3 | |
109 | 13:20 | Ultralisk | |
109 | 13:21 | Ultralisk | |
121 | 13:27 | Zergling x6 | |
123 | 13:37 | Zergling x6 | |
123 | 13:38 | Ultralisk | |
132 | 13:48 | Extractor x2, Zergling x6 | |
134 | 13:49 | Ultralisk | |
134 | 13:53 | Baneling | |
134 | 13:54 | Baneling x9 | |
139 | 13:58 | Drone x2 | |
139 | 13:59 | Drone | |
139 | 14:00 | Drone x2 | |
144 | 14:06 | Zergling x12 | |
150 | 14:15 | Queen | |
152 | 14:20 | Baneling Nest | |
143 | 14:28 | Hydralisk x3 | |
143 | 14:29 | Zergling x6, Hydralisk x3 | |
157 | 14:54 | Queen | |
157 | 14:59 | Zergling x4 | |
146 | 15:00 | Zergling x6 | |
146 | 15:01 | Ultralisk x2, Zergling x8 | |
139 | 15:13 | Zergling x2 | |
139 | 15:14 | Ultralisk x2, Zergling x10 | |
133 | 15:15 | Zergling x4 | |
133 | 15:20 | Zergling x8 | |
142 | 15:33 | Baneling | |
142 | 15:34 | Baneling x9 | |
142 | 15:35 | Zergling x8 | |
145 | 15:36 | Zergling x2 | |
145 | 15:38 | Hatchery | |
145 | 15:40 | Overlord | |
146 | 15:48 | Hydralisk | |
146 | 15:49 | Hydralisk, Zergling x6 | |
153 | 15:56 | Hydralisk x3, Zergling x2 | |
153 | 15:57 | Zergling x4 | |
156 | 16:00 | Hydralisk, Zergling x4 | |
156 | 16:01 | Overlord | |
142 | 16:15 | Hydralisk x3 | |
142 | 16:16 | Hydralisk x2, Zergling x6 | |
142 | 16:19 | Zergling x4 | |
144 | 16:30 | Hydralisk x5 | |
147 | 16:53 | Drone | |
138 | 16:54 | Drone x16 | |
138 | 16:55 | Drone x3 | |
152 | 17:07 | Hydralisk x3, Zergling x2 | |
156 | 17:08 | Zergling x2 | |
156 | 17:14 | Drone | |
158 | 17:19 | Baneling x2 | |
158 | 17:20 | Zergling x6 | |
161 | 17:24 | Zerg Missile Weapons Level 1 | |
161 | 17:30 | Baneling | |
161 | 17:31 | Baneling x14 | |
161 | 17:32 | Baneling x5 | |
161 | 17:37 | Spore Crawler | |
161 | 17:41 | Hydralisk x3 | |
166 | 17:45 | Hydralisk x2 | |
170 | 17:53 | Zergling x2 | |
170 | 17:54 | Zergling x14 | |
170 | 17:58 | Adrenal Glands | |
178 | 18:11 | Zergling x4 | |
180 | 18:13 | Overlord x3 | |
180 | 18:19 | Overlord x2 | |
180 | 18:26 | Overlord x2 | |
180 | 18:34 | Hydralisk x5 | |
180 | 18:40 | Spire | |
189 | 18:43 | Overlord | |
189 | 18:44 | Zergling x6 | |
189 | 18:46 | Baneling | |
189 | 18:47 | Baneling x6 | |
192 | 19:02 | Drone x3 | |
174 | 19:03 | Drone x7 | |
174 | 19:04 | Drone x2 | |
174 | 19:05 | Extractor | |
174 | 19:06 | Drone | |
183 | 19:11 | Drone x2 | |
183 | 19:16 | Extractor | |
184 | 19:27 | Hatchery | |
104 | 19:46 | Zergling x2 | |
104 | 19:47 | Zergling x40 | |
123 | 19:57 | Zergling x6 | |
118 | 20:08 | Spore Crawler | |
118 | 20:14 | Hydralisk x3 | |
110 | 20:15 | Zergling x4 | |
118 | 20:26 | Hydralisk x3, Zergling x4 | |
124 | 20:32 | Baneling x8 | |
124 | 20:33 | Baneling x2 | |